 Dungeon Crawl Stone Soup version 0.25-a0-589-g1e14c549ee (webtiles) character file.

Game seed: 16962561942186922871, levelgen mode: classic

97 EnegeticOcto the Skirmisher (level 4, 0/39 HPs)
             Began as a Mummy Chaos Knight on Mar 9, 2020.
             Was a Plaything of Xom.
             Slain by a phantom (2 damage)
             ... on level 4 of the Dungeon on Mar 10, 2020.
             The game lasted 00:07:09 (4242 turns).

EnegeticOcto the Skirmisher (Mummy Chaos Knight)    Turns: 4242, Time: 00:07:10

Health: 0/39       AC:  5    Str: 18    XL:     4   Next: 42%
Magic:  4/4        EV: 11    Int: 12    God:    Xom [.....*]
Gold:   159        SH:  0    Dex: 11    Spells: 3/3 levels left

rFire    . . .     SeeInvis .   a - +1 spear (chaos)
rCold    + . .     Gourm    .   (no shield)
rNeg     + + +     Faith    .   b - +2 leather armour
rPois    ∞         Spirit   .   (no helmet)
rElec    .         Reflect  .   (no cloak)
rCorr    .         Harm     .   (no gloves)
MR       .....                  (no boots)
Stlth    +.........             (no amulet)
HPRegen  0.13/turn              f - ring of protection from fire
MPRegen  0.09/turn              l - +3 ring of strength

@: no status effects
A: no food or potions, fire vulnerability, cold resistance 1, negative energy
resistance 3, torment resistance, unbreathing
a: Renounce Religion


You were on level 4 of the Dungeon.
You worshipped Xom.
You were Xom's teddy bear.
You were not hungry.

You visited 1 branch of the dungeon, and saw 4 of its levels.

You collected 159 gold pieces.

Inventory:

Hand Weapons
 a - a +1 spear of chaos (weapon)
 k - a +0 spear
Missiles
 e - 11 poisoned darts (quivered)
Armour
 b - a +2 leather armour (worn)
Jewellery
 f - a ring of protection from fire (left hand)
 l - a +3 ring of strength (right hand)
Wands
 c - a wand of acid (5)
 m - a wand of iceblast (8)
Scrolls
 d - 2 scrolls of identify {@r1}
 g - 2 scrolls of magic mapping {@r5 !r}
 h - a scroll of fear {!r}
 i - a scroll of remove curse {@r2}
 j - a scroll of immolation


   Skills:
 + Level 5.3 Fighting
 + Level 2.4 Polearms
 - Level 1.5 Armour
 - Level 0.7 Dodging


You had 3 spell levels left.
You didn't know any spells.
Your spell library was empty.

Dungeon Overview and Level Annotations

Branches:
Dungeon (4/15)
 Temple: D:4-7

Altars:
Cheibriados
Sif Muna
Xom

Shops:
D:4 =


Innate Abilities, Weirdness & Mutations

You do not eat or drink.
Your flesh is vulnerable to fire.
You are immune to poison.
Your flesh is cold resistant. (rC+)
You are immune to negative energy. (rN+++)
You are immune to unholy pain and torment.
You can survive without breathing.


Message History

You reach to attack!
You barely miss the orc. You hit the orc.
The orc is heavily wounded.
The orc hits you with a +0 club.
You closely miss the orc.
The orc is heavily wounded.
The orc closely misses you.
You closely miss the orc.
The orc is heavily wounded.
The orc barely misses you.
You hit the orc.
You kill the orc!
No target in view!
HP restored.
Things that are here:
a +0 club; an orc corpse You open the door.
There is an open door here.
d - 2 scrolls of identify {@r1} (gained 1)
You now have 159 gold pieces (gained 12).
There is an open door here.
There is an open door here.
There is an open door here.
You open the door.
Found Diqumonon's Jewellery Shop.
There is an open door here.
There is an entrance to Diqumonon's Jewellery Shop here.
You can access your shopping list by pressing '$'.
You open the door.
There is an open door here.
You open the door.
There is an open door here.
You open the door.
There is an open door here.
A phantom comes into view.
Found a stone staircase leading down. 2 skeletons come into view.
There is an open door here.
You hear Xom's maniacal laughter.
You are caught in a localised spatial distortion.
You are now Xom's teddy bear.
Your +1 spear of chaos is briefly surrounded by a scintillating aura of random colours.
a - a +1 spear of chaos (weapon)
The phantom blinks!
Attack whom?
Press: ? - help, Dir - move target cursor, f - centaur skeleton
Aim: a centaur skeleton You reach to attack!
You hit the centaur skeleton.
The centaur skeleton seems to slow down.
The centaur skeleton is lightly damaged.
You hit the centaur skeleton but do no damage.
The centaur skeleton flickers and vanishes!
Deactivating autopickup; reactivate with Ctrl-A.
Xom thinks this is hilarious!
Something hits you.
Attack whom?
Press: ? - help, Dir - move target cursor, f - hound skeleton
Aim: a hound skeleton You reach to attack!
You hit the hound skeleton.
The hound skeleton seems to speed up.
The hound skeleton is moderately damaged.
Something hits you but does no damage.
Attack whom?
Press: ? - help, Dir - move target cursor, f/p - hound skeleton
Aim: a hound skeleton (moderately damaged, fast)
You reach to attack!
You barely miss the hound skeleton.
The hound skeleton is moderately damaged.
Something hits you.
You are too injured to fight recklessly!
You are too injured to fight recklessly!
You are too injured to fight recklessly!
You hit something. Something hits you.
You closely miss the phantom. You completely miss the phantom.
The phantom hits you but does no damage.
You closely miss the phantom. The phantom hits you.
You hit the phantom.
The phantom is lightly damaged.
The phantom hits you but does no damage.
You hit the phantom. You burn the phantom.
The phantom is moderately damaged.
The phantom hits you.
You hit the phantom.
The phantom flickers and vanishes!
Something hits you.
* * * LOW HITPOINT WARNING * * *
Something hits you.
* * * LOW HITPOINT WARNING * * *
Evoke which item? (* to show all) (? for menu, Esc to quit)
Aiming: Corrosive Bolt
Press: ? - help, Shift-Dir - straight line, p - hound skeleton The bolt of acid hits the hound skeleton!
The hound skeleton is splashed with acid.
The acid corrodes the hound skeleton!
The hound skeleton is almost destroyed.
The bolt of acid hits something!
The acid corrodes something!
The hound skeleton bites you but does no damage.
The hound skeleton bites you.
* * * LOW HITPOINT WARNING * * *
Something hits you.
You die... "This toy is broken."

...............#............#....
...............##...##...####....
........#########...##...#.......
........# ...........#...#.......
........# ...........#...WZ......
........# ...........#...#Z......
........#########{####+###.......
######........###Z#..............
#....#........#.@.#..............
.....#.......('...#..............
.....'........#...#....Z.........
.....#........#...#..............
#....#........#+###..............
#....#######.<.. ....##########
'.....# #.... #.....# #...
#.....# #..


You could see a hound skeleton.

Vanquished Creatures
  Terence (D:3)
  An adder (D:2)
  An ooze (D:2)
  3 worms
  A dart slug (D:3)
  A leopard gecko (D:4)
  2 orcs
  A ball python (D:3)
  8 bats
  2 giant cockroaches
  4 goblins
  8 hobgoblins
  4 kobolds
  2 quokkas (D:3)
  3 frilled lizards
  7 rats
49 creatures vanquished.

Notes
Turn   | Place    | Note
-------+----------+-------------------------------------------
     0 | D:1      | EnegeticOcto the Mummy Chaos Knight began the quest for the
                  | Orb.
     0 | D:1      | Reached XP level 1. HP: 18/18 MP: 1/1
    16 | D:1      | XOM: silly message
    54 | D:1      | XOM: divination: detect creatures
   158 | D:1      | XOM: medium Tmut miscast
   338 | D:1      | Reached XP level 2. HP: 24/24 MP: 2/2
   408 | D:1      | XOM: harmless Air miscast
   583 | D:1      | XOM: noise
   662 | D:1      | XOM: mild Summ miscast
   748 | D:1      | XOM: medium Tmut miscast
  1293 | D:3      | Reached skill level 4 in Fighting
  1411 | D:3      | XOM: harmless Chrm miscast
  1472 | D:3      | Found a snail-covered altar of Cheibriados.
  1472 | D:3      | XOM: 5-stop teleportation journey
  1517 | D:3      | XOM: 1-stop teleportation journey
  1539 | D:3      | XOM: butterfly on damage
  1541 | D:3      | XOM: butterfly on damage
  1541 | D:3      | XOM: smoke on damage
  1544 | D:3      | Reached XP level 3. HP: 2/30 MP: 3/3
  2051 | D:2      | XOM: severe Necr miscast
  2052 | D:2      | Noticed a soul eater
  2225 | D:2      | XOM: harmless Erth miscast
  2261 | D:2      | Noticed a crocodile
  2261 | D:2      | a worm changed into a crocodile
  2263 | D:2      | XOM: stat loss: -1 Int (11/12)
  2293 | D:2      | XOM: mild Ice miscast
  2371 | D:2      | XOM: scenery: create altars
  2386 | D:2      | XOM: mild Ice miscast
  2407 | D:2      | Noticed an eye of draining
  2407 | D:2      | a crocodile changed into an eye of draining
  2407 | D:2      | XOM: polymorph crocodile -> eye of draining
  2412 | D:2      | XOM: summons 1 hostile demon
  2416 | D:2      | XOM: chaos cloud
  2503 | D:1      | XOM: scenery: create altars
  2748 | D:3      | XOM: cloud trail
  2766 | D:3      | Noticed Terence
  3124 | D:3      | Killed Terence
  3124 | D:3      | Reached skill level 5 in Fighting
  3124 | D:3      | Reached XP level 4. HP: 13/39 MP: 4/4
  3272 | D:3      | XOM: summons 2 hostile demons
  3362 | D:3      | Found a shimmering blue altar of Sif Muna.
  3683 | D:3      | XOM: mild Summ miscast
  4160 | D:4      | Found Diqumonon's Jewellery Shop.
  4209 | D:4      | Noticed a phantom
  4224 | D:4      | XOM: mild Summ miscast
  4242 | D:4      | Slain by a phantom

Levels and vault maps discovered:
D:1:      wander_arrival_peaceful_grave, layout_basic
D:2:      layout_basic
D:3:      layout_basic, lemuel_blue_sif_altar, cheibriados_altar_1, uniq_terence
D:4:      layout_gridville, minmay_shop_enchanted_jewellery,
          eino_small_chamber_without_monster

Skill      XL: |  1  2  3 |
---------------+----------+-----
Fighting       | 4 5 |  5.3
Polearms       | |  2.4
Armour         | |  1.5
Dodging        | |  0.7

Action                   |  1- 3 |  4- 6 || total
-------------------------+-------+-------++-------
Melee: Spear             |   176 |    62 ||   238
Evoke: Wand              |       |     1 ||     1
  Use: Scroll            |     4 |     1 ||     5
 Stab: Sleeping          |     2 |       ||     2
Armor: Leather armour    |    61 |    15 ||    76
Dodge: Dodged            |    92 |    24 ||   116

Table legend:
 A = Non-vault XP
 B = Vault XP
 C = Vault XP percentage of total XP
 D = Non-vault monster count
 E = Vault monster count
 F = Vault count percentage of total count
                 A         B        C        D         E       F
            +---------+---------+-------+---------+---------+-------
      Total |     109 |      30 |  21.6 |      48 |       1 |   2.0
            +---------+---------+-------+---------+---------+-------
        D:1 |      31 |       0 |   0.0 |      18 |       0 |   0.0
        D:2 |      33 |       0 |   0.0 |      10 |       0 |   0.0
        D:3 |      39 |      30 |  43.5 |      18 |       1 |   5.3
        D:4 |       6 |       0 |   0.0 |       2 |       0 |   0.0
            +---------+---------+-------+---------+---------+-------
